 Dungeon Crawl Stone Soup version 0.31-a0-654-gbe3e110b4e (webtiles) character file.

Game seed: 16166779231713475701

13851 KarmaKiller the Basher (level 12, 0/112 HPs)
             Began as a Naga Berserker on Aug 24, 2023.
             Was an Elder of Trog.
             Slain by a sun demon (13 damage)
             ... summoned by a kobold demonologist
             ... on level 11 of the Dungeon on Aug 29, 2023.
             The game lasted 01:12:21 (12755 turns).

KarmaKiller the Basher (Naga Berserker)            Turns: 12755, Time: 01:12:22

Health: 0/112      AC: 16    Str: 24    XL:     12   Next: 10%
Magic:  12/12      EV:  6    Int:  8    God:    Trog [****..]
Gold:   617        SH:  0    Dex: 11    Spells: 11/11 levels left

rFire   . . .        Y - +2 eveningstar
rCold   . . .        k - orb {light}
rNeg    . . .        C - +0 plate armour
rPois   +            U - +0 helmet
rElec   .            y - scarf {repulsion}
rCorr   .            e - +0 pair of gloves
SInv    +            (no barding)
Will    +....        u - amulet of faith Stlth
                     (no ring)
HPRegen 0.38/turn    (no ring)
MPRegen 0.13/turn

%: repel missiles, faith
@: on berserk cooldown, hasted and slowed, glowing, very slow
A: AC +4, large, see invisible, deformed body, poison resistance, slowness 2,
spit poison 1, naga tail 1
a: Spit Poison, Renounce Religion, Berserk, Trog's Hand, Brothers in Arms


You were on level 11 of the Dungeon.
You worshipped Trog.
Trog was greatly pleased with you.
You visited 1 branch of the dungeon, and saw 11 of its levels.

You collected 617 gold pieces.

Inventory:

Hand Weapons
 p - a +6 mace
 Y - a +2 eveningstar (weapon)
Armour
 e - a +0 pair of gloves (worn)
 k - an orb of light (worn)
 y - a scarf of repulsion (worn)
 C - a +0 plate armour (worn)
 U - a +0 helmet (worn)
Jewellery
 u - an amulet of faith (around neck)
 S - the ring "Nyukirus" {Ice Dex+3}
   (You found it on level 10 of the Dungeon)

   [ring of ice]

   Ice:       It enhances your ice magic.
   Dex+3:     It affects your dexterity (+3).
   rF-:       It makes you vulnerable to fire.
   rC+:       It protects you from cold.
Talismans
 c - a blade talisman
 X - a dragon-blood talisman
Wands
 h - a wand of paralysis (2)
 z - a wand of roots (8)
 M - a wand of acid (14)
 Q - a wand of flame (12)
Scrolls
 a - 4 scrolls of fog
 d - 3 scrolls of immolation
 q - a scroll of noise
 r - 4 scrolls of torment
 G - 2 scrolls of fear
 T - 2 scrolls of amnesia
Potions
 i - a potion of magic
 j - 5 potions of brilliance
 E - 2 potions of enlightenment
 N - a potion of ambrosia {unknown}
 R - a potion of mutation {unknown}
 Z - a potion of resistance {unknown}


   Skills:
 + Level 8.7 Fighting
 + Level 12.6 Maces & Flails
 + Level 10.2 Armour
 + Level 2.5 Dodging
 + Level 3.5 Stealth


You had 11 spell levels left.
You didn't know any spells.
Your spell library was empty.

Dungeon Overview and Level Annotations

Branches:
Dungeon (11/15)            Temple (0/1) D:7            Lair (0/5) D:11
    Orc: D:9-12

Altars:
Ashenzari
Dithmenos
Kikubaaqudgha
Makhleb
Nemelex Xobeh
Qazlal
Ru
Trog
Uskayaw
Wu Jian
The Shining One

Shops:
D:3 =   D:6 :

Annotations:
D:10 3 runed translucent doors


Innate Abilities, Weirdness & Mutations

Your serpentine skin is tough. (AC +4)
You have supernaturally acute eyesight. (SInv)
Armour fits poorly on your strangely shaped body.
Your system is resistant to poisons. (rPois)
You cover ground very slowly.
You can spit poison.
You have a snake-like lower body.


Message History

Trog accepts your kill. The vampire mosquito bites you.
* * * LOW HITPOINT WARNING * * *
The vampire mosquito draws strength from your injuries!
You closely miss the vampire mosquito.
The ynoxinul gestures.
The vampire mosquito bites you.
* * * LOW HITPOINT WARNING * * *
The vampire mosquito draws strength from your injuries!
You bludgeon the vampire mosquito!!
The vampire mosquito is almost destroyed.
You bludgeon the vampire mosquito!!
You destroy the vampire mosquito!
Trog accepts your kill.
The ynoxinul gestures.
The kobold demonologist casts a cantrip, but nothing happens.
Your extra speed is starting to run out.
You are no longer berserk.
You are exhausted.
You feel yourself slow down.
The smoke demon disappears in a puff of smoke!
The sun demon hits you but does no damage.
Things that are here:
a +0 halberd of venom; a vampire mosquito corpse
As you read the scroll of fear, it crumbles to dust.
You assume a fearsome visage.
The sun demon easily resists.
The white imp looks frightened!
The ynoxinul looks frightened!
The ufetubus looks frightened!
The kobold demonologist resists with almost no effort.
The ufetubus looks frightened!
The gnoll looks frightened!
The ufetubus looks frightened! x3; The electric eel looks frightened! x2
The sun demon hits you.
* * * LOW HITPOINT WARNING * * *
You are engulfed in flames!
* * * LOW HITPOINT WARNING * * *
The sun demon barely misses you.
You impale the sun demon!!
The sun demon is heavily wounded.
The sun demon hits you!
You die...

*,*,* *,,.~≈≈~.~≈~~~..,,,,,**,**
,,,,* *,~~.~≈~.~.5≈..,,,,,,**,*,
**,*****,,~~~≈5.~5~~.,,*******,*,
*,,,,,,,,,~,,SS.3.~.,,,* *,*,
*,*.#**,,,,,,,.5.55,,,,* **,*,
*,*..#*,,,,,,,,h.5,,,,,* ****,,*,
#.##....######y#K#*,,*****,,,,,*,
#.####..######.#3#**,***,,,***,*,
#.####..######.#@# *,*,,,,,* *,*,
#.####...#####.#○#**,+,,,,,***+*+
#.#####...####.#☼#*,,*,,,,,*,,,,,
#.......#.†.##.#°#*,,*,,,,,*,,,,,
###########.##.#.#*,,#,,,,,*,,,,,
###..........#.#.##..#******,,,,,
###..<...............# *,,,,,
###........#.#>°..##.# *,,,,,
###....<...#.#.#.##*,* *,,,,,


You could see a sun demon (summoned), a kobold demonologist, a ynoxinul
(summoned, fleeing), a hound, an electric eel, a white imp (summoned, fleeing),
a shadow imp (summoned) and 4 ufetubi.

Vanquished Creatures
  A centaur warrior (D:10)
  3 two-headed ogres (D:10)
  Urug (D:10)
  An orc knight (D:10)
  An ugly thing (D:11)
  Jeremiah (D:6)
  A gargoyle (D:7)
  6 trolls
  A hornet (D:9)
  Sigmund (D:5)
  2 shadows
  A vampire (D:10)
  2 wraiths
  6 yaks (D:9)
  4 steam dragons
  3 vampire mosquitoes (D:11)
  Edmund (D:5)
  An acid dragon (D:10)
  3 water moccasins
  A black bear (D:7)
  4 ice beasts
  3 orc warriors
  5 wolves (D:11)
  3 ogres
  7 centaurs
  2 phantoms (D:6)
  A bullfrog (D:8)
  4 kobold brigands
  3 scorpions
  3 gnoll sergeants
  3 wights (D:6)
  11 killer bees
  An electric eel (D:10)
  A howler monkey (D:4)
  A jelly (D:8)
  A gnoll bouda (D:9)
  6 hounds
  8 orc priests
  Crazy Yiuf (D:2)
  2 iguanas
  Terence (D:2)
  A sleepcap (D:4)
  11 orc wizards
  8 adders
  23 gnolls
  2 shadow imps
  3 white imps
  An ufetubus (D:5)
  A worm (D:2)
  2 dart slugs (D:1)
  28 orcs
  6 ball pythons
  3 bats
  5 endoplasms
  8 giant cockroaches
  6 goblins
  10 hobgoblins
  6 jackals
  6 quokkas
  18 kobolds
  3 rats
263 creatures vanquished.

Vanquished Creatures (collateral kills)
  A kobold (D:6)
1 creature vanquished.

Grand Total: 264 creatures vanquished

Notes
Turn   | Place    | Note
-------+----------+-------------------------------------------
     0 | D:1      | KarmaKiller the Naga Berserker began the quest for the Orb.
     0 | D:1      | Reached XP level 1. HP: 21/21 MP: 1/1
   206 | D:1      | Reached XP level 2. HP: 28/28 MP: 2/2
   648 | D:1      | Reached XP level 3. HP: 34/34 MP: 3/3
   809 | D:2      | Noticed Terence
   820 | D:2      | Killed Terence
   878 | D:2      | Reached XP level 4. HP: 42/42 MP: 4/4
   880 | D:2      | Reached skill level 4 in Maces & Flails
  1539 | D:2      | Found a runed translucent door.
  1540 | D:2      | Noticed Crazy Yiuf
  1547 | D:2      | Killed Crazy Yiuf
  1548 | D:2      | Reached XP level 5. HP: 49/49 MP: 5/5
  1810 | D:3      | Found Jarphi Kutui's Jewellery Shoppe.
  2469 | D:3      | Reached skill level 1 in Stealth
  2627 | D:3      | Reached ** piety under Trog
  2628 | D:3      | Reached XP level 6. HP: 57/57 MP: 6/6
  3138 | D:4      | Reached skill level 5 in Maces & Flails
  3545 | D:4      | Found an ornate altar of the Wu Jian Council.
  3631 | D:5      | Entered Level 5 of the Dungeon
  3645 | D:5      | Reached XP level 7. HP: 64/64 MP: 7/7
  3871 | D:5      | Reached skill level 6 in Maces & Flails
  4087 | D:5      | Upgraded the game from 0.31-a0-626-g8143ab4f1d to
                  | 0.31-a0-640-g39d97e502b
  4099 | D:5      | Noticed Edmund
  4105 | D:5      | Killed Edmund
  4242 | D:5      | Found a shadowy altar of Dithmenos.
  4284 | D:5      | Noticed a steam dragon
  4288 | D:5      | Noticed Sigmund
  4293 | D:5      | Reached XP level 8. HP: 73/73 MP: 8/8
  4327 | D:5      | Reached skill level 7 in Maces & Flails
  4331 | D:5      | Killed Sigmund
  4872 | D:6      | Reached skill level 5 in Fighting
  4872 | D:6      | Reached skill level 5 in Armour
  4994 | D:6      | Reached skill level 8 in Maces & Flails
  5132 | D:6      | Found Pivoebou's Tiny Tomes.
  5253 | D:6      | Reached XP level 9. HP: 77/81 MP: 9/9
  5275 | D:6      | Found a bloodstained altar of Trog.
  5399 | D:6      | Noticed Jeremiah
  5423 | D:6      | Paralysed by Jeremiah for 2 turns
  5440 | D:6      | Killed Jeremiah
  5670 | D:6      | Found a hide-covered altar of Uskayaw.
  5670 | D:6      | Noticed a +0 dagger
  5670 | D:6      | Noticed a +0 hand axe
  5691 | D:6      | Reached skill level 9 in Maces & Flails
  5744 | D:6      | Identified the +3 ring mail of Repulsion {Str+5}
  5933 | D:6      | Reached *** piety under Trog
  6593 | D:7      | Identified the +3 ring mail of Foolhardiness {Regen+ Str+2}
  6716 | D:7      | Found a glowing golden altar of the Shining One.
  6916 | D:7      | Found a staircase to the Ecumenical Temple.
  6976 | D:7      | Reached XP level 10. HP: 71/91 MP: 10/10
  7033 | D:7      | Noticed a gargoyle
  7046 | D:7      | Killed a gargoyle
  7047 | D:7      | Reached skill level 10 in Maces & Flails
  8456 | D:8      | Found a stormy altar of Qazlal.
  8549 | D:8      | Found a burning altar of Makhleb.
  9194 | D:9      | Reached skill level 11 in Maces & Flails
  9209 | D:9      | Reached **** piety under Trog
  9596 | D:9      | Reached XP level 11. HP: 100/100 MP: 11/11
 10162 | D:9      | Found an ancient bone altar of Kikubaaqudgha.
 10162 | D:9      | Found a sparkling altar of Nemelex Xobeh.
 10553 | D:10     | Entered Level 10 of the Dungeon
 10807 | D:10     | Noticed Urug
 10821 | D:10     | Killed Urug
 11062 | D:10     | Noticed an orc knight
 11065 | D:10     | Noticed a centaur warrior
 11067 | D:10     | Found a runed translucent door.
 11073 | D:10     | Noticed a two-headed ogre
 11079 | D:10     | Killed a two-headed ogre
 11253 | D:10     | Noticed a two-headed ogre
 11264 | D:10     | Killed a two-headed ogre
 11265 | D:10     | Reached skill level 12 in Maces & Flails
 11266 | D:10     | Noticed a two-headed ogre
 11284 | D:10     | Killed a two-headed ogre
 11497 | D:10     | Found a runed translucent door.
 11497 | D:10     | Found a runed translucent door.
 11497 | D:10     | Noticed a deep elf pyromancer
 11497 | D:10     | Noticed a red ugly thing
 11497 | D:10     | Noticed a manticore
 11520 | D:10     | Found a runed translucent door.
 11572 | D:10     | Upgraded the game from 0.31-a0-640-g39d97e502b to
                  | 0.31-a0-654-gbe3e110b4e
 11594 | D:10     | Killed a centaur warrior
 11600 | D:10     | Killed an orc knight
 11703 | D:10     | Identified the ring "Nyukirus" {Ice Dex+3}
 11716 | D:10     | Found a broken altar of Ashenzari.
 11842 | D:10     | Found a sacrificial altar of Ru.
 12587 | D:11     | Noticed a red ugly thing
 12599 | D:11     | Killed a red ugly thing
 12688 | D:11     | Reached skill level 10 in Armour
 12688 | D:11     | Reached XP level 12. HP: 102/112 MP: 12/12
 12745 | D:11     | Noticed a sun demon
 12755 | D:11     | Slain by a sun demon

Illustrated notes

Levels and vault maps discovered:
D:1:      amcnicky_arrival_flooded_fountain, layout_basic
D:2:      layout_basic, uniq_terence, uniq_crazy_yiuf_cottage
D:3:      layout_loops_cross, serial_shops, nicolae_shop_peninsula
D:4:      layout_basic, general_overflow_altar
D:5:      layout_basic, grunt_dithmenos_shadows, kb_lookout_dungeons_type,
          uniq_edmund, uniq_sigmund
D:6:      layout_loops_ring, dancing_weapons_uskayaw, bloody_trog,
          nicolae_shop_i_like_small_books_too, uniq_jeremiah
D:7:      minmay_chambers_of_sixes, layout_gridville, tso_oasis_becter,
          minmay_temple_entry_statues
D:8:      layout_rooms, nicolae_qazlal_eye_of_the_storm, lemuel_round_altar,
          hangedman_decor_opposing
D:9:      layout_irregular_city, nicolae_overflow_hidden_temple
D:10:     minmay_the_grid_triangle_9x9_rhombus_full
          [minmay_the_grid_triangle_9x9_limited_checkers,
          minmay_the_grid_triangle_9x9_sparse_checkered,
          minmay_the_grid_triangle_9x9_longest,
          minmay_the_grid_triangle_9x9_minimal,
          minmay_the_grid_triangle_9x9_subtriangle,
          minmay_the_grid_triangle_9x9_fully_insulated_deathbox,
          minmay_the_grid_triangle_9x9_stretched_checkered,
          minmay_the_grid_triangle_9x9_prize_special], layout_rooms,
          grunt_temple_overflow_open, serial_bayou_lagoon_a, uniq_urug
D:11:     layout_basic, erik_lair_island, portal_ice_cave_entry_pillars_2

Skill      XL: |  1  2  3  4  5  6  7  8  9 10 11 |
---------------+----------------------------------+-----
Armour         | 2 3 4 5 6 8 10 | 10.2
Maces & Flails | 4 5 6 8 9 11 12 | 12.6
Dodging        | 2 |  2.5
Stealth        | 1 2 3 |  3.5
Fighting       | 4 5 6 7 8 |  8.7

Action                     |  1- 3 |  4- 6 |  7- 9 | 10-12 || total
---------------------------+-------+-------+-------+-------++-------
  Melee: Mace              |    69 |   121 |   191 |   335 ||   716
         Eveningstar       |       |       |       |    54 ||    54
 Invoke: Berserk           |     5 |     4 |    11 |    23 ||    43
         Trog's Hand       |       |       |     1 |       ||     1
Ability: Spit Poison       |    12 |    23 |     7 |    15 ||    57
    Use: Scroll            |     3 |     8 |     6 |     9 ||    26
         Potion            |     1 |       |     3 |     6 ||    10
 Armour: Ring mail         |    26 |    19 |       |       ||    45
         Scale mail        |       |    25 |       |       ||    25
         Chain mail        |       |    10 |    53 |       ||    63
         Plate armour      |       |       |    49 |   247 ||   296
  Dodge: Dodged            |    31 |    56 |    73 |   120 ||   280
         Repelled          |       |       |     1 |       ||     1

Table legend: (Time is in decaauts)
 A = Elapsed time spent in this place.
 B = Non-inter-level travel time spent in this place.
 C = Inter-level travel time spent in this place.
 D = Time resting spent in this place.
 E = Time spent auto-exploring this place.
 F = Levels seen in this place.
 G = Mean time per level.
                   A        B        C        D        E       F      G
               +--------+--------+--------+--------+--------+-----+--------+
         Total |  16339 |  15980 |    359 |   3668 |      0 |  11 | 1485.4 |
       Dungeon |  16339 |  15980 |    359 |   3668 |      0 |  11 | 1485.4 |
               +--------+--------+--------+--------+--------+-----+--------+

Top non-repeatable levels by time:
    D:10: 2488 daAuts
     D:9: 2237 daAuts
     D:6: 1873 daAuts
     D:7: 1655 daAuts
     D:5: 1549 daAuts
     D:8: 1432 daAuts
     D:2: 1370 daAuts
     D:3: 1287 daAuts
     D:4: 1181 daAuts
     D:1: 1075 daAuts
    D:11: 186 daAuts
